 Dungeon Crawl Stone Soup version 0.25.1-2-g60ff931df9 (webtiles) character file.

Game seed: 5666605332070751114

1132656 Gunterle the Acrobat (level 27, -8/204 HPs)
             Began as a Halfling Abyssal Knight on Sept 28, 2020.
             Was the Champion of Lugonu.
             Killed by the air
             ... invoked by a blizzard demon
              (13 damage)
             ... on level 7 of Cocytus on Sept 29, 2020.
             The game lasted 11:25:40 (154310 turns).

Gunterle the Acrobat (Halfling Abyssal Knight)    Turns: 154310, Time: 11:25:41

Health: -8/204     AC: 27    Str: 29    XL:     27
Magic:  0/45       EV: 35    Int: 20    God:    Lugonu [******]
Gold:   3850       SH: 19    Dex: 23    Spells: 17/63 levels left

rFire    + + +     SeeInvis +   v - +2 eveningstar (flame)
rCold    . . .     Gourm    .   l - +0 kite shield {rN+}
rNeg     + + +     Faith    .   T - +1 ice dragon scales "Uvolum" {rF- rC++ MR+ Str+5} (curse)
rPois    +         Spirit   +   S - +2 hat of the Bear Spirit {Spirit, +Rage rN+ MR++}
rElec    +         Reflect  .   o - +4 dragonskin cloak
rCorr    .         Harm     .   Q - +0 pair of gloves {archery}
MR       ++++.                  P - +1 pair of boots {run}
Stlth    ..........             W - amulet of the Death Scarab {RegenMP rPois MR- Str+2 Slay+5}
HPRegen  0.44/turn              h - ring of Kytomato {*Corrode +Blink rF++ Str+8 Int+6}
MPRegen  0.54/turn              s - ring of the Octopus King {Wiz AC+1 EV+1 Str+1 Int+1 Dex+1}

@: immune to fire clouds, very slightly contaminated, studying 2 skills, quick
A: small, see invisible, dopey 1, mutation resistance 1, screaming 1
}: 7/15 runes: serpentine, barnacled, slimy, silver, iron, obsidian, bone
a: Depart the Abyss, Bend Space, Banish, Corrupt, Enter the Abyss, Renounce
Religion, Evoke Blink, Evoke Berserk Rage


You were on level 7 of Cocytus.
You worshipped Lugonu.
Lugonu was exalted by your worship.
You were very hungry.

You visited 18 branches of the dungeon, and saw 89 of its levels.
You visited the Abyss 3 times.
You visited 1 ziggurat, and saw 13 of its levels.
You also visited: Trove, Gauntlet, Volcano and Wizlab.

You collected 13603 gold pieces.
You spent 9753 gold pieces at shops.

Inventory:

Hand Weapons
 g - the +11 war axe of a Gauntlet {vorpal, rF++ Dex+3}
   (You found it on level 11 of a ziggurat)

   It inflicts extra damage upon your enemies.
   It affects your dexterity (+3).
   It greatly protects you from fire.
 i - a +9 fustibalus of flaming
 v - a +2 eveningstar of flaming (weapon)
 K - a +6 hand axe of distortion
 L - a +3 sacred scourge of holy wrath
Missiles
 j - 974 stones
 y - 6 silver boomerangs
 z - 56 boomerangs (quivered)
 M - 303 sling bullets
Armour
 l - a +0 kite shield of positive energy (worn)
 o - the +4 dragonskin cloak (worn)
   (You took it off Tiamat on level 3 of the Realm of Zot)
 P - a +1 pair of boots of running (worn)
 Q - a +0 pair of gloves of archery (worn)
 S - the +2 hat of the Bear Spirit (worn) {Spirit, +Rage rN+ MR++}
   (You found it on level 9 of the Dungeon)

   It protects you from negative energy.
   It affects your resistance to hostile enchantments.
   It lets you go berserk.
 T - the cursed +1 ice dragon scales "Uvolum" (worn) {rF- rC++ MR+ Str+5}
   (You took it off a guardian mummy on level 3 of the Crypt)

   It affects your strength (+5).
   It makes you vulnerable to fire.
   It greatly protects you from cold.
   It affects your resistance to hostile enchantments.
   It has a curse placed upon it.
 X - the +2 cloak of the Thief {+Fog Slay-2 SInv Stlth+}
   (You found it on level 11 of a ziggurat)

   It affects your accuracy and damage with ranged weapons and melee attacks
   (-2).
   It lets you see invisible.
   It makes you more stealthy.
Jewellery
 h - the ring of Kytomato (left hand) {*Corrode +Blink rF++ Str+8 Int+6}
   (You bought it in a shop on level 6 of the Dungeon)

   [ring of intelligence]

   It affects your strength (+8).
   It affects your intelligence (+6).
   It greatly protects you from fire.
   It lets you blink.
   It may corrode you when you take damage.
 s - a ring of the Octopus King (right hand) {Wiz AC+1 EV+1 Str+1 Int+1 Dex+1}
   (You found it on level 13 of a ziggurat)

   [ring of wizardry]

   It improves your spell success rate.
   It affects your AC (+1).
   It affects your evasion (+1).
   It affects your strength (+1).
   It affects your intelligence (+1).
   It affects your dexterity (+1).
 W - the amulet of the Death Scarab (around neck) {RegenMP rPois MR- Str+2 Slay+5}
   (You found it in a Gauntlet)

   [amulet of magic regeneration]

   It increases your magic regeneration.
   It affects your strength (+2).
   It affects your accuracy and damage with ranged weapons and melee attacks
   (+5).
   It protects you from poison.
   It affects your resistance to hostile enchantments.
Wands
 k - a wand of iceblast (20)
 m - a wand of acid (7)
 I - a wand of digging (31)
 V - a wand of random effects (74)
Scrolls
 b - 3 scrolls of blinking
 d - 4 scrolls of magic mapping
 f - 17 scrolls of remove curse
 p - 17 scrolls of teleportation
 r - a scroll of amnesia
 t - 2 scrolls of silence
 w - 21 scrolls of identify
 F - a scroll of fog
 O - a scroll of immolation
 R - 3 scrolls of summoning
Potions
 n - 4 potions of cancellation
 q - 2 potions of invisibility
 A - a potion of brilliance
 B - 7 potions of berserk rage
 E - 9 potions of flight
 G - 6 potions of curing
 H - 5 potions of resistance
Books
 e - a manual of Maces & Flails
 x - a manual of Polearms
Miscellaneous
 a - a phantom mirror
 u - 5 boxes of beasts
 U - a tin of tremorstones (3/3)
 Y - a phial of floods
 Z - a lightning rod (4/4)
Comestibles
 c - 50 rations
 C - 6 chunks of flesh


   Skills:
 + Level 20.8 Fighting
 + Level 20.4(22.1) Axes
 - Level 14.7(18.6) Maces & Flails
 - Level 22.9(24.4) Slings
 - Level 12.1(16.0) Throwing
 - Level 12.7 Armour
 + Level 23.7 Dodging
 - Level 21.0 Shields
 * Level 18.9 Spellcasting
 - Level 11.0 Hexes
 + Level 19.5 Charms
 + Level 11.0 Summonings
 - Level 13.9 Translocations
 - Level 11.1 Transmutations
 + Level 19.2 Fire Magic
 - Level 9.0 Air Magic
 + Level 14.5 Earth Magic
 + Level 22.9 Invocations
 - Level 17.9 Evocations


You had 17 spell levels left.
You knew the following spells:

 Your Spells              Type           Power        Failure   Level  Hunger
a - Apportation           Tloc           ######       0%          1    None
b - Song of Slaying       Chrm           #######.     0%          2    None
c - Spectral Weapon       Hex/Chrm       ######..     1%          3    None
d - Swiftness             Chrm/Air       ######..     0%          2    None
e - Passwall              Tmut/Erth      ######..     1%          2    None
f - Passage of Golubria   Tloc           N/A          1%          4    None
g - Silence               Hex/Air        ######....   1%          5    ##.....
h - Ring of Flames        Chrm/Fire      #######...   1%          7    ######.
i - Dispersal             Tloc           ######....   1%          6    ####...
j - Portal Projectile     Hex/Tloc       ######       1%          3    None
k - Statue Form           Tmut/Erth      ######...    1%          6    ####...
l - Summon Forest         Summ/Tloc      ######....   1%          5    ##.....

Your spell library contained the following spells:

 Spells                   Type           Power        Failure   Level  Hunger
 Infusion                 Chrm           ####         0%          1    None
 Sandblast                Erth           ######       0%          1    None
 Shroud of Golubria       Chrm/Tloc      ######       0%          2    None
 Corona                   Hex            ######.      1%          1    None
 Foxfire                  Conj/Fire      ####         1%          1    None
 Sting                    Tmut/Pois      ####         1%          1    None
 Summon Butterflies       Summ           ######..     1%          1    None
 Summon Small Mammal      Summ           ####         1%          1    None
 Blink                    Tloc           N/A          1%          2    None
 Call Imp                 Summ           ######..     1%          2    None
 Corpse Rot               Necr/Air       N/A          1%          2    None
 Ensorcelled Hibernation  Hex/Ice        #####.       1%          2    None
 Poisonous Vapours        Pois/Air       #####.       1%          2    None
 Slow                     Hex            ######..     1%          2    None
 Sticks to Snakes         Tmut           ######..     1%          2    None
 Call Canine Familiar     Summ           ######..     1%          3    None
 Confusing Touch          Hex            ######..     1%          3    None
 Conjure Flame            Conj/Fire      ######..     1%          3    None
 Dazzling Flash           Conj/Hex       #####.       1%          3    None
 Gell's Gravitas          Tloc           ######....   1%          3    None
 Ignite Poison            Fire/Tmut/Pois ######..     1%          3    None
 Inner Flame              Hex/Fire       #######.     1%          3    None
 Lesser Beckoning         Tloc           ######....   1%          3    None
 Mephitic Cloud           Conj/Pois/Air  ####....     1%          3    None
 Ozocubu's Armour         Chrm/Ice       ######..     1%          3    None
 Recall                   Summ/Tloc      N/A          1%          3    None
 Spider Form              Tmut/Pois      #####.....   1%          3    None
 Stone Arrow              Conj/Erth      #####.       1%          3    None
 Summon Guardian Golem    Hex/Summ       ######..     1%          3    None
 Teleport Other           Tloc           ######..     1%          3    None
 Tukima's Dance           Hex            ######..     1%          3    None
 Cause Fear               Hex            ######....   1%          4    None
 Iskenderun's Mystic Bla  Conj/Tloc      #####...     1%          4    None
 Leda's Liquefaction      Hex/Erth       ######....   1%          4    None
 Petrify                  Tmut/Erth      ######..     1%          4    None
 Sticky Flame             Conj/Fire      ######..     1%          4    None
 Summon Lightning Spire   Summ/Air       ######..     1%          4    None
 Bolt of Magma            Conj/Fire/Erth #######...   1%          5    ##.....
 Excruciating Wounds      Chrm/Necr      ######....   1%          5    ##.....
 Fireball                 Conj/Fire      ######....   1%          5    ##.....
 Iskenderun's Battlesphe  Conj/Chrm      ######..     1%          5    ##.....
 Lee's Rapid Deconstruct  Erth           ######....   1%          5    ##.....
 Summon Mana Viper        Hex/Summ       ######..     1%          5    ##.....
 Yara's Violent Unravell  Hex/Tmut       ######....   1%          5    ##.....
 Animate Skeleton         Necr           N/A          2%          1    None
 Freeze                   Ice            ###.         2%          1    None
 Magic Dart               Conj           ###.         2%          1    None
 Pain                     Necr           ###.         2%          1    None
 Fulminant Prism          Conj/Hex       #####.....   2%          4    None
 Ice Form                 Ice/Tmut       #####...     2%          4    None
 Summon Ice Beast         Ice/Summ       #####...     2%          4    None
 Searing Ray              Conj           ###...       3%          2    None
 Sublimation of Blood     Necr           ###.......   3%          2    None
 Borgnjor's Vile Clutch   Necr/Erth      #####.....   3%          5    ##.....
 Hydra Form               Tmut           ######....   3%          6    ####...
 Darkness                 Hex            ######....   4%          6    ####...
 Invisibility             Hex            ######..     4%          6    ####...
 Alistair's Intoxication  Tmut/Pois      #####...     6%          5    ##.....
 Irradiate                Conj/Tmut      #####.....   6%          5    ##.....
 Metabolic Englaciation   Hex/Ice        #####.....   6%          5    ##.....
 Frozen Ramparts          Ice            ###...       7%          3    None
 Vampiric Draining        Necr           ###.......   7%          3    None
 Malign Gateway           Summ/Tloc      ######....   12%         7    ######.
 Iron Shot                Conj/Erth      #####.....   17%         6    ####...
 Dragon Form              Tmut           ######....   19%         7    ######.
 Monstrous Menagerie      Summ           ######....   21%         7    ######.
 Summon Greater Demon     Summ           ######....   21%         7    ######.
 Summon Hydra             Summ           ######....   21%         7    ######.
 Animate Dead             Necr           N/A          22%         4    None
 Dispel Undead            Necr           ###.....     22%         4    None
 Olgreb's Toxic Radiance  Pois           ###.....     22%         4    None
 Eringya's Noxious Bog    Tmut/Pois      #####.....   32%         6    ####...
 Conjure Ball Lightning   Conj/Air       #####.....   45%         6    ####...
 Agony                    Necr           ###.....     50%         5    ##.....
 Freezing Cloud           Conj/Ice/Air   ####......   65%         6    ####...
 Summon Horrible Things   Summ           ######....   80%         8    #######
 Discord                  Hex            ######....   82%         8    #######
 Haunt                    Necr/Summ      #####.....   86%         7    ######.
 Spellforged Servitor     Conj/Summ      #####.....   86%         7    ######.
 Death's Door             Chrm/Necr      ######....   92%         8    #######
 Death Channel            Necr           ###.......   96%         6    ####...
 Ozocubu's Refrigeration  Ice            ###.......   96%         6    ####...
 Simulacrum               Ice/Necr       ###.......   96%         6    ####...
 Lehudib's Crystal Spear  Conj/Erth      #####.....   99%         8    #######
 Orb of Destruction       Conj           ###.......   100%        7    ######.
 Borgnjor's Revivificati  Necr           ###.......   100%        8    #######
 Chain Lightning          Conj/Air       #####.....   100%        8    #######
 Infestation              Necr           ###.......   100%        8    #######
 Necromutation            Tmut/Necr      #####.....   100%        8    #######
 Absolute Zero            Ice            ###.......   100%        9    #######
 Dragon's Call            Summ           ######....   100%        9    #######
 Fire Storm               Conj/Fire      ######....   100%        9    #######
 Tornado                  Air            ######....   100%        9    #######


Dungeon Overview and Level Annotations

Branches:
Dungeon (15/15)            Temple (1/1) D:4            Lair (6/6) D:10
 Shoals (4/4) Lair:2        Snake (4/4) Lair:4        Slime (5/5) Lair:6
    Orc (2/2) D:10            Elf (3/3) Orc:2        Vaults (5/5) D:13
  Crypt (3/3) Vaults:3       Tomb (2/3) Crypt:3      Depths (5/5) D:15
   Hell (visited)             Dis (7/7) Hell            Geh (7/7) Hell
    Coc (7/7) Hell            Tar (7/7) Hell            Zot (5/5) Depths:5
Volcano (visited)          WizLab (visited)         Gauntlet (visited)

Altars:
Ashenzari
Cheibriados
Gozag
Kikubaaqudgha
Makhleb
Nemelex Xobeh
Qazlal
Ru
Wu Jian
Xom
Yredelemnul
Zin
The Shining One
Beogh
Jiyva

Shops:
D:6 =   D:10 [   D:14 [:?[   Orc:2 :!}%   Elf:1 [   Elf:2 (   Shoals:1 **
Shoals:2 *   Snake:2 }*(   Snake:4 !   Vaults:2 }   Vaults:4 !   Vaults:5 :
Crypt:2 *   Depths:1 *

Portals:
Hell: Depths:1 Depths:2 Depths:3 Depths:4 Depths:5
Abyss: Depths:3 Depths:4
Pandemonium: Depths:2 Depths:3 Depths:5

Annotations:
D:5 2 runed translucent doors, Xye's ghost, novice DECj
D:9 3 runed translucent doors, nyroko's ghost, journeyman DECj
D:10 5 runed translucent doors
Shoals:4 corrupted
Crypt:2 3 runed translucent doors, exclusion: obsidian statue, Nyubb's ghost, veteran MiGl
Tomb:1 corrupted, exclusion: downstairs
Tomb:2 corrupted
Depths:1 corrupted
Depths:2 corrupted
Dis:7 corrupted
Zot:3 corrupted


Innate Abilities, Weirdness & Mutations

You are small and have problems with some larger weapons.
You are somewhat resistant to further mutation.
You have supernaturally acute eyesight. (SInv)
You are dopey. (Int -2)
You occasionally shout uncontrollably at your foes.


Message History

Okay, then.
Unknown command.
Blink to where?
Press: ? - help, Dir - move target cursor You are very lightly contaminated with residual magic.
As you read the scroll of blinking, it crumbles to dust.
The Ice Fiend is engulfed in blazing flames.
The swamp dragon zombie is engulfed in blazing flames.
As you read the scroll of fog, it crumbles to dust.
The scroll dissolves into smoke.
The Ice Fiend calls on the powers of darkness!
You feel a surge of unholy energy.
The swamp dragon zombie is engulfed in blazing flames.
Unknown command.
The Ice Fiend calls on the powers of darkness!
You feel a surge of unholy energy.
The blizzard demon is engulfed in blazing flames.
The blizzard demon waves its arms in wide circles.
The air twists around and strikes you!
You die...

..## ##....≈≈≈≈...≈≈≈≈...........
...# ##...≈≈≈≈≈.≈≈≈≈≈..°..2...##
...## ##...≈≈≈≈≈≈≈≈...2.1.....#
≈...## ##..≈≈≈≈≈≈≈≈....○....#.#*
≈≈...## #...≈≈≈≈≈≈..2Z......#,.#
≈≈≈...## ##.....≈≈≈..........#*,.
≈≈≈≈...## ##...............###**,
≈≈≈≈....# ###..§☼°°☼....### *,
≈≈≈≈≈...## ##.@.§§###### **,
≈≈≈≈≈....### #######**** *,,
≈≈≈≈≈≈.....## **,,** **,,
≈≈≈≈≈≈≈.....#### *,,,,*****,,,
≈≈≈≈≈≈≈≈≈≈.....#### *,,,,,,,*,,,,
≈≈≈≈≈≈≈≈≈≈≈≈......##**,,***,,,,,,
≈≈≈≈≈≈≈≈≈≈≈≈.......##**** ****,**
≈≈≈≈≈≈≈≈≈≈≈≈≈.^.....## *,,*
.≈≈≈≈≈≈≈≈≈≈≈≈≈≈......## **,,


You could see 2 blizzard demons and a swamp dragon zombie.

Vanquished Creatures
  Asmodeus (Geh:7)
  the Royal Jelly (Slime:5)
  Ereshkigal (Tar:7)
  5 ancient liches
  Tiamat (Zot:3)
  2 orbs of fire (Zot:5)
  2 juggernauts (Depths:4)
  28 greater mummies
  Sojobo (Depths:1)
  2 pandemonium lords
  Frederick (Tomb:2)
  25 shard shrikes
  14 Killer Klowns
  Vashnia (Snake:4)
  Bai Suzhen (Crypt:1)
  6 caustic shrikes
  Saint Roka (Vaults:2)
  A curse toe (Zot:2)
  Geryon (Hell)
  5 golden dragons
  11 bone dragons
  Nikola (Snake:1)
  Jory (Vaults:4)
  A profane servitor (Zig:12)
  30 Brimstone Fiends
  4 doom hounds
  51 Tzitzimimeh
  6 electric golems
  6 iron giants
  30 tentacled monstrosities
  10 Hell Sentinels
  16 Ice Fiends
  25 Orb Guardians (Zot:5)
  Asterion (Vaults:1)
  13 liches
  A moon troll (WizLab)
  12 quicksilver dragons
  7 titans
  4 deep elf master archers (Elf:3)
  22 acid blobs
  4 deep elf blademasters
  17 sphinxes
  15 ancient champions
  7 tentacled starspawn (WizLab)
  The ghost of Forgeling the Bewitcher, an adept FeEn of Dithmenos (Vaults:2)
  3 Executioners
  6 death cobs
  Agnes (Elf:1)
  14 shadow dragons
  Donald (Crypt:2)
  8 draconian monks
  4 revenants
  10 tengu reavers
  12 nagarajas
  9 azure jellies
  14 frost giants
  12 fire giants
  5 deep elf sorcerers
  7 draconian knights
  20 storm dragons
  4 ghost moths
  5 draconian scorchers
  Aizul (Elf:3)
  An emperor scorpion (Zig:11)
  10 iron dragons
  16 balrugs
  A warmonger (Zig:13)
  4 orc warlords
  6 deep elf elementalists
  12 cacodemons
  4 draconian stormcallers
  2 spriggan defenders (Depths:4)
  11 draconian shifters
  30 very ugly things
  8 ironheart preservers
  4 curse skulls
  7 vault wardens
  28 stone giants
  6 ghouls
  2 angels (Depths:4)
  6 elemental wellsprings
  7 draconian annihilators
  99 reapers
  9 war gargoyles
  9 entropy weavers
  An entropy weaver (shapeshifter) (Depths:2)
  7 deep elf demonologists
  9 green draconians
  A caustic shrike skeleton (Crypt:2)
  2 bennus (Tomb:1)
  8 lorocyprocas
  14 red draconians
  8 spark wasps
  10 deep elf annihilators
  19 vampire knights
  9 black draconians
  23 purple draconians
  8 white draconians
  13 yellow draconians
  A minotaur (Gauntlet)
  16 deep elf death magi
  The ghost of teukkam the Grappler, a journeyman TrMo of Sif Muna (Lair:5)
  12 ettins
  18 mummy priests
  14 blizzard demons
  9 eidola
  2 merfolk impalers
  4 crystal guardians
  15 death oozes
  A merfolk javelineer (Depths:1)
  5 fire dragons
  14 jiangshi
  A green death (Dis:6)
  8 deep elf high priests
  7 quicksilver dragon zombies
  8 yaktaur captains
  4 kraken zombies
  20 great orbs of eyes
  Josephine (Lair:6)
  Harold (D:7)
  34 vault guards
  45 ice dragons
  7 quicksilver dragon skeletons
  5 rakshasas
  12 naga warriors
  10 hydras
  2 ghost crabs
  3 spriggan air magi
  A hydra (shapeshifter) (Vaults:5)
  A merfolk avatar (Shoals:2)
  4 satyrs
  16 centaur warriors
  A shambling mangrove (Zig:4)
  2 merfolk aquamancers
  9 death knights
  An alligator snapping turtle (Shoals:2)
  34 dancing weapons
  5 anacondas
  6 spriggan berserkers
  5 deep troll shamans
  4 catoblepae
  9 tengu warriors
  13 ogre magi
  45 two-headed ogres
  13 death scarabs
  13 vampire magi
  12 deep troll earth magi
  5 death yaks (Lair:6)
  An alligator (Zig:4)
  3 orc high priests (Zig:10)
  A shock serpent (shapeshifter) (Depths:4)
  22 hell hogs
  14 titan zombies
  9 naga sharpshooters
  9 shock serpents
  15 sun demons
  16 storm dragon zombies
  38 soul eaters
  20 deep elf knights
  3 iron golems
  12 titan skeletons
  Sonja (Lair:5)
  A wretched star (WizLab)
  15 iron trolls
  A sixfirhy (Zig:13)
  55 hell knights
  2 fire crabs
  8 golden dragon zombies
  18 sea snakes
  15 anaconda zombies
  3 ghost moth zombies
  141 skeletal warriors
  11 storm dragon skeletons
  2 salamander mystics
  35 shadow wraiths
  A death drake (Tar:4)
  20 flayed ghosts
  A large abomination (Zig:12)
  A sea snake (shapeshifter) (Depths:2)
  26 shadow demons
  9 unseen horrors
  An orange crystal statue (WizLab)
  2 wizards (Vaults:2)
  10 glowing orange brains
  30 deep trolls
  A kraken simulacrum (Coc:7)
  22 harpies
  11 shadow dragon zombies
  26 phantasmal warriors
  4 naga ritualists
  5 wolf spider zombies
  3 orb spiders
  A harpy (shapeshifter) (Depths:2)
  17 anaconda skeletons
  17 ironbrand convokers
  17 deep elf archers
  4 golden dragon skeletons
  A lindwurm (shapeshifter) (Vaults:5)
  3 wolf spiders
  22 fauns
  14 salamanders
  A cyclops (shapeshifter) (Depths:2)
  22 stone giant zombies
  23 orc knights
  3 orc sorcerers
  11 cyclopes
  26 necromancers
  10 shadow dragon skeletons
  16 iron dragon zombies
  9 mana vipers
  A tengu skeleton (Vaults:5)
  52 deep elf magi
  12 frost giant zombies
  13 manticores
  5 shining eyes
  9 fire giant zombies
  7 iron dragon skeletons
  12 frost giant skeletons
  42 ugly things
  2 guardian serpents (shapeshifter)
  5 elephants (Lair:6)
  22 naga magi
  Joseph (D:9)
  3 ice statues
  13 stone giant skeletons
  9 dire elephant zombies
  27 moths of wrath
  9 molten gargoyles
  7 smoke demons
  36 black mambas
  7 fire giant skeletons
  3 torpor snails
  10 eyes of devastation
  2 elephants (shapeshifter)
  A torpor snail (shapeshifter) (Depths:2)
  8 merfolk sirens
  9 vault sentinels
  A black mamba (shapeshifter) (Vaults:1)
  6 shock serpent zombies
  A titan simulacrum (Tar:7)
  3 gargoyles
  An orange demon (Depths:3)
  3 water nymphs
  A water nymph (shapeshifter) (Depths:2)
  7 guardian serpents
  43 rust devils
  3 dire elephant skeletons
  15 spiny frogs
  2 emperor scorpion zombies
  5 catoblepas zombies
  4 rime drakes
  2 spiny frogs (shapeshifter)
  3 centaur skeletons
  45 hellions
  4 shock serpent skeletons
  3 spectral swamp worms (Depths:1)
  A pale draconian zombie (Crypt:3)
  5 efreet
  69 freezing wraiths
  A yaktaur (shapeshifter) (Vaults:5)
  4 spriggan zombies
  2 kobold demonologists (D:14)
  10 komodo dragons
  A green draconian skeleton (Tomb:1)
  52 ice devils
  A redback zombie (D:15)
  62 tormentors
  2 anaconda simulacra
  3 demonic crawlers
  39 red devils
  5 tengu conjurers
  19 merfolk
  53 guardian mummies
  7 harpy zombies
  A hellwing (Depths:5)
  55 yaktaurs
  24 hydra zombies
  2 silent spectres
  A queen bee (D:14)
  4 catoblepas skeletons
  A jumping spider (Zig:11)
  A polar bear (Lair:6)
  3 meliai (D:14)
  A meliai (shapeshifter) (D:15)
  A tyrant leech (shapeshifter) (Depths:2)
  7 hornets
  A polar bear (shapeshifter) (Vaults:3)
  A tyrant leech (Zig:4)
  6 wind drakes
  Grinder (Abyss:1)
  13 trolls
  6 raiju (Abyss:1)
  9 harpy skeletons
  18 hydra skeletons
  2 wolf spider simulacra
  18 bog bodies
  15 blink frogs
  A hippogriff (shapeshifter) (Depths:4)
  12 fire dragon zombies
  A human simulacrum (Vaults:5)
  7 snapping turtles
  12 ettin zombies
  10 ice dragon zombies
  119 slime creatures
  26 dream sheep
  6 alligator zombies
  4 black mamba zombies
  193 flying skulls
  10 hippogriffs
  A spriggan (Lair:5)
  4 air elementals
  10 ettin skeletons
  20 ushabtiu
  14 ice dragon skeletons
  2 redbacks (shapeshifter)
  9 redbacks
  4 small abominations
  A spriggan (shapeshifter) (Vaults:2)
  A satyr skeleton (Crypt:3)
  An alligator skeleton (Tar:7)
  2 tarantellas (shapeshifter)
  A wyvern (D:15)
  64 wraiths
  40 shadows
  64 yaks
  8 fire bats
  28 water elementals
  A yak (shapeshifter) (Vaults:1)
  3 tarantellas
  27 fire elementals
  6 black mamba skeletons
  4 fire dragon skeletons
  Eustachio (D:4)
  12 golden eyes
  2 basilisks
  16 hungry ghosts
  3 chaos spawn
  2 neqoxecs
  An emperor scorpion simulacrum (Tar:3)
  8 vampire mosquitoes
  54 nagas
  A soldier ant (D:11)
  3 swamp worms (Gauntlet)
  10 wargs
  A monstrous demonspawn zombie (Crypt:2)
  An acid dragon (D:13)
  A gelid demonspawn skeleton (Crypt:3)
  118 hell hounds
  2 swamp worms (shapeshifter)
  8 water moccasins
  10 porcupines
  A two-headed ogre skeleton (Crypt:2)
  2 faun skeletons (Crypt:2)
  19 spiny frog zombies
  11 snapping turtle zombies
  3 floating eyes (shapeshifter)
  A hydra simulacrum (Coc:6)
  9 spiny frog skeletons
  66 orc warriors
  A sky beast (shapeshifter) (Elf:1)
  A hornet zombie (D:13)
  7 eyes of draining
  2 eyes of draining (shapeshifter)
  17 ice beasts
  4 sky beasts
  42 necrophages
  11 phantoms
  8 starcursed masses
  3 alligator simulacra
  2 ettin simulacra
  4 black bears
  58 ogres
  2 swamp dragon zombies
  4 boggarts (Depths:3)
  5 manticore zombies
  2 manticore skeletons
  A fire dragon simulacrum (Coc:7)
  31 wolves
  6 snapping turtle skeletons
  6 swamp dragon skeletons
  An elf simulacrum (Vaults:5)
  2 big kobolds
  11 centaurs
  11 crocodiles
  An earth elemental (Elf:1)
  11 bullfrogs
  An elf skeleton (Geh:7)
  A wyvern zombie (D:11)
  2 water moccasin zombies
  4 elf zombies
  3 spiny frog simulacra
  2 scorpions
  2 troll zombies
  38 killer bees
  A spriggan skeleton (Geh:7)
  92 wights
  A snapping turtle simulacrum (Coc:6)
  A troll skeleton (Geh:7)
  7 howler monkeys
  16 crimson imps
  4 centaur zombies
  6 human zombies
  A black bear zombie (Crypt:2)
  4 hounds
  9 jellies
  28 orc wizards
  3 quasits
  Crazy Yiuf (D:7)
  3 bullfrog skeletons
  23 orc priests
  31 iron imps
  4 hell rats (Hell)
  5 human skeletons
  A black bear skeleton (Crypt:1)
  9 worker ants
  6 iguanas
  A killer bee zombie (D:8)
  A crocodile zombie (Crypt:1)
  A dwarf zombie (Crypt:1)
  A naga zombie (Coc:5)
  A tengu zombie (Tar:7)
  A hound skeleton (Crypt:1)
  48 mummies
  Robin (D:4)
  8 adders
  21 shadow imps
  34 white imps
  An ufetubus (Depths:5)
  An adder skeleton (D:5)
  A worm (D:2)
  A barachi skeleton (Crypt:2)
  A dart slug (D:2)
  5 leopard geckos
  96 orcs
  A ball python (D:2)
  A bat (D:1)
  6 giant cockroaches
  23 goblins
  14 hobgoblins
  18 jackals
  17 kobolds
  3 quokkas
  A dart slug zombie (Crypt:3)
  5 frilled lizards
  4 kobold skeletons
  3 kobold zombies
  2 leopard gecko skeletons
  2 orc zombies
  7 rats
  10 plants
  9 starspawn tentacles (WizLab)
  8 tentacles
5295 creatures vanquished.

Vanquished Creatures (collateral kills)
  An acid blob (Slime:5)
  A draconian knight (Zot:3)
  A black sun (Zig:13)
  A green draconian (Zot:3)
  A black draconian (Zot:3)
  A yellow draconian (Zot:3)
  A blizzard demon (Zig:13)
  A white draconian (Zot:3)
  A death ooze (Slime:5)
9 creatures vanquished.

Vanquished Creatures (others)
  An ancient lich (Tomb:2)
  4 greater mummies
  A shard shrike (Hell)
  A pandemonium lord (Zig:3)
  A Brimstone Fiend (Dis:7)
  2 tentacled monstrosities
  An Ice Fiend (Dis:7)
  A lich (Tomb:2)
  An acid blob (Slime:5)
  A titan (Depths:4)
  A quicksilver dragon (Depths:2)
  An eldritch tentacle (Zig:3)
  A tentacled starspawn (Zig:12)
  An ancient champion (Tomb:2)
  A shadow dragon (Depths:4)
  A nagaraja (Snake:4)
  2 azure jellies
  A fire giant (Geh:7)
  2 draconian knights
  An iron dragon (Depths:2)
  An emperor scorpion (Zig:11)
  A draconian scorcher (Zot:3)
  A draconian shifter (Zot:4)
  A vault warden (Vaults:2)
  Louise (Shoals:4)
  A draconian stormcaller (Zot:3)
  A draconian annihilator (Zot:3)
  An entropy weaver (Zig:11)
  A black draconian (Zot:3)
  A yellow draconian (Zot:3)
  An ettin (Depths:2)
  A green death (Zig:12)
  2 merfolk impalers (Shoals:4)
  A merfolk javelineer (Shoals:4)
  A blizzard demon (Coc:7)
  A death ooze (Slime:5)
  3 mummy priests (Tomb:2)
  A quicksilver dragon skeleton (Abyss:1)
  2 merfolk avatars (Shoals:4)
  3 merfolk aquamancers (Shoals:4)
  3 dancing weapons
  A two-headed ogre (Volcano)
  A deep troll shaman (Depths:1)
  3 hell hogs
  A deep troll earth mage (Depths:2)
  5 satyrs (Shoals:4)
  3 thrashing horrors (Zig:12)
  5 death scarabs (Tomb:2)
  A spriggan berserker (Depths:4)
  2 soul eaters
  A wretched star (Zig:12)
  A skeletal warrior (Dis:7)
  A sixfirhy (Zig:12)
  A shadow wraith (Zig:12)
  2 sea snakes
  A deep troll (Depths:1)
  2 harpies (Shoals:4)
  An orb spider (Zig:11)
  6 fauns (Shoals:4)
  A wolf spider (D:12)
  2 manticores (Shoals:4)
  2 slime creatures
  An ugly thing (Depths:1)
  2 merfolk sirens (Shoals:4)
  A dire elephant zombie (Tomb:2)
  A water nymph (Shoals:4)
  2 large abominations (Zig:12)
  A smoke demon (Zig:12)
  A hellion (Zig:12)
  2 spectral swamp worms (Depths:1)
  A yaktaur (shapeshifter) (Depths:1)
  A yaktaur (Depths:1)
  7 guardian mummies (Tomb:2)
  A hellwing (Zig:12)
  An ancient zyme (Zig:12)
  A freezing wraith (Coc:7)
  5 merfolk
  A wolf spider simulacrum (Tomb:2)
  2 snapping turtles (Shoals:4)
  A black mamba zombie (Geh:7)
  10 flying skulls
  4 water elementals (Shoals:4)
  A fire dragon skeleton (Tomb:2)
  A starcursed mass (Zig:12)
  3 ushabtiu (Tomb:2)
  2 wraiths (Geh:7)
  A shadow (Geh:7)
  A fire elemental (Geh:6)
  3 chaos spawn (Zig:12)
  A naga (Snake:3)
  A centaur (Volcano)
  A killer bee (D:8)
  2 small abominations (Zig:12)
  5 iron imps
  16 mummies
  An orc (Vaults:3)
  3 demonic plants (WizLab)
  22 fungi
  68 plants
  A spectral weapon (Vaults:2)
  68 starspawn tentacles
  25 tentacles
  23 withered plants (Crypt:2)
393 creatures vanquished.

Grand Total: 5697 creatures vanquished

Notes
Turn   | Place    | Note
-------+----------+-------------------------------------------
     0 | Abyss:1  | Gunterle the Halfling Abyssal Knight began the quest for
                  | the Orb.
     0 | Abyss:1  | Reached XP level 1. HP: 15/15 MP: 2/2
    20 | Abyss:1  | Found a burning altar of Makhleb.
    42 | Abyss:1  | Found a corrupted altar of Lugonu.
    91 | Abyss:1  | Noticed a thrashing horror
    93 | D:1      | Escaped the Abyss
   135 | D:1      | Reached skill level 1 in Slings
   232 | D:1      | Reached XP level 2. HP: 19/20 MP: 3/3
   409 | D:1      | Reached * piety under Lugonu
   607 | D:1      | Reached XP level 3. HP: 25/25 MP: 4/4
  1058 | D:2      | Found a glowing silver altar of Zin.
  1058 | D:2      | Found a snail-covered altar of Cheibriados.
  1240 | D:2      | Reached ** piety under Lugonu
  1259 | D:2      | Reached XP level 4. HP: 30/30 MP: 5/5
  1518 | D:2      | Reached skill level 2 in Dodging
  1648 | D:2      | Found an ancient bone altar of Kikubaaqudgha.
  1651 | D:2      | Found an opulent altar of Gozag.
  1654 | D:2      | Found a glowing golden altar of the Shining One.
  1885 | D:2      | Found a shimmering altar of Xom.
  1887 | D:2      | Found a blossoming altar of Fedhas.
  1887 | D:2      | Found an ornate altar of the Wu Jian Council.
  1889 | D:2      | Found a snail-covered altar of Cheibriados.
  1889 | D:2      | Found a glowing golden altar of the Shining One.
  1889 | D:2      | Found a hide-covered altar of Uskayaw.
  2333 | D:3      | Reached XP level 5. HP: 36/36 MP: 6/6
  2995 | D:4      | Found a staircase to the Ecumenical Temple.
  3001 | D:4      | Noticed Robin
  3026 | D:4      | Killed Robin
  3067 | Temple   | Entered the Ecumenical Temple
  3113 | D:4      | Noticed Eustachio
  3113 | D:4      | Noticed an ogre
  3199 | D:3      | Killed an ogre
  3199 | D:3      | Reached *** piety under Lugonu
  3199 | D:3      | Reached XP level 6. HP: 36/42 MP: 5/8
  3291 | D:4      | Killed Eustachio
  3291 | D:4      | Reached skill level 3 in Dodging
  3291 | D:4      | Reached XP level 7. HP: 45/46 MP: 9/9
  3763 | D:4      | Found an ornate altar of the Wu Jian Council.
  3865 | D:4      | Found a sacrificial altar of Ru.
  4011 | D:5      | Entered Level 5 of the Dungeon
  4033 | D:5      | Found a shattered altar of Ashenzari.
  4334 | D:5      | Reached skill level 5 in Slings
  4705 | D:5      | Found a runed translucent door.
  4713 | D:5      | Noticed Xye's ghost (novice DECj)
  4941 | D:5      | Noticed Grinder
  4980 | D:4      | HP: 2/46 [something/puff of frost (4)]
  5327 | D:3      | Reached skill level 1 in Evocations
  5327 | D:3      | Reached XP level 8. HP: 42/52 MP: 4/10
  5732 | D:5      | Banished Grinder
  5781 | D:5      | Found a runed translucent door.
  6024 | D:5      | Found a glowing golden altar of the Shining One.
  6805 | D:6      | Found an opulent altar of Gozag.
  6835 | D:6      | Reached skill level 5 in Axes
  7036 | D:6      | Reached skill level 4 in Dodging
  7581 | D:6      | Found Rody's Jewellery Shop.
  7864 | D:7      | Found a stormy altar of Qazlal.
  7955 | D:7      | Reached XP level 9. HP: 56/58 MP: 10/12
  8520 | D:7      | Found a burning altar of Makhleb.
  8534 | D:7      | Found a runed translucent door.
  8535 | D:7      | Noticed Crazy Yiuf
  8541 | D:7      | Killed Crazy Yiuf
  9030 | D:7      | Noticed Harold
  9064 | D:7      | Reached **** piety under Lugonu
  9093 | D:7      | Found a snail-covered altar of Cheibriados.
  9243 | D:7      | Killed Harold
  9243 | D:7      | Reached skill level 5 in Armour
  9257 | D:7      | Got an ichor-stained crystal plate armour
  9258 | D:7      | Identified the +7 crystal plate armour "Yllupoix" {-Cast
                  | Int+7 Slay+5} (You found it on level 7 of the Dungeon)
  9443 | D:8      | Reached skill level 5 in Invocations
  9504 | D:7      | Reached skill level 5 in Dodging
  9504 | D:7      | Reached XP level 10. HP: 61/65 MP: 11/13
  9583 | D:8      | Got a translucent leather armour
  9917 | D:8      | Noticed a manticore
  9930 | D:8      | Killed a manticore
 10073 | D:8      | Got a slimy dagger
 10083 | D:8      | Identified the +6 dagger "Tuocogus" {freeze, rElec} (You
                  | found it on level 8 of the Dungeon)
 10165 | D:8      | Noticed a two-headed ogre
 10204 | D:8      | Reached skill level 5 in Fighting
 10301 | D:8      | Killed a two-headed ogre
 10715 | D:8      | Noticed a purple ugly thing
 10821 | D:8      | Killed a purple ugly thing
 10821 | D:8      | Reached skill level 10 in Slings
 11464 | D:9      | Noticed nyroko's ghost (journeyman DECj)
 11506 | D:9      | Noticed Joseph
 11530 | D:9      | Killed Joseph
 11530 | D:9      | Reached skill level 6 in Dodging
 11530 | D:9      | Reached XP level 11. HP: 41/72 MP: 15/15
 11877 | D:9      | Found a runed translucent gate.
 11878 | D:9      | Found a runed translucent gate.
 11878 | D:9      | Identified the cursed +0 ring mail of Lugonu's Grace
                  | {Str+4}
 11879 | D:9      | Found a runed translucent gate.
 12246 | D:9      | Found a roughly hewn altar of Beogh.
 12388 | D:9      | Found the +2 hat of the Bear Spirit {Spirit, +Rage rN+
                  | MR++}
 12662 | D:9      | Noticed a two-headed ogre
 12670 | D:9      | Killed a two-headed ogre
 12670 | D:9      | Reached skill level 5 in Evocations
 13483 | D:10     | Entered Level 10 of the Dungeon
 13733 | D:10     | Reached ***** piety under Lugonu
 13820 | D:10     | Found a staircase to the Lair.
 14029 | D:10     | Found the +9 staff of Olgreb {rPois∞}
 14032 | D:10     | Found a runed translucent door.
 14039 | D:10     | Found Bummivuh's Armour Emporium.
 14060 | D:10     | Found a runed translucent door.
 14065 | D:10     | Found a runed translucent gate.
 14065 | D:10     | Found a runed translucent gate.
 14076 | D:10     | Found a runed translucent gate.
 14340 | D:10     | Found a staircase to the Orcish Mines.
 14359 | D:10     | Found a roughly hewn altar of Beogh.
 14365 | D:10     | Reached XP level 12. HP: 79/79 MP: 17/17
 14626 | D:11     | Reached skill level 7 in Dodging
 15489 | D:12     | Got an opal-encrusted chain mail
 15696 | D:12     | Killed an unseen horror
 16133 | D:12     | Found a shimmering altar of Xom.
 16221 | D:12     | Noticed a tengu warrior
 16252 | D:12     | Killed a tengu warrior
 16680 | D:12     | Noticed a death yak
 16700 | D:12     | Noticed a minotaur
 16700 | D:12     | a death yak changed into a minotaur
 17040 | D:12     | Noticed a two-headed ogre
 17044 | D:12     | Reached skill level 1 in Shields
 17068 | D:12     | Killed a two-headed ogre
 17158 | D:12     | Noticed a two-headed ogre
 17185 | D:12     | Killed a two-headed ogre
 17185 | D:12     | Reached skill level 10 in Axes
 17279 | D:12     | Reached XP level 13. HP: 82/85 MP: 16/18
 17347 | D:12     | Noticed a fire giant
 17550 | D:12     | Banished a fire giant
 17558 | D:12     | Identified the Collected Works on Envenoming
 17581 | D:12     | Identified the +4 leather armour of the Cuttlefish {MR++
                  | Str+4 Int-4} (You found it on level 8 of the Dungeon)
 17591 | D:12     | Identified the +8 chain mail of Howling Wind {rPois Regen+
                  | Str-3} (You found it on level 12 of the Dungeon)
 17837 | Orc:1    | Entered Level 1 of the Orcish Mines
 17838 | Orc:1    | Reached skill level 8 in Dodging
 18191 | Orc:1    | Noticed an ettin
 18234 | Orc:1    | Killed an ettin
 18570 | Orc:2    | Entered Level 2 of the Orcish Mines
 18580 | Orc:2    | Noticed a stone giant
 18770 | Orc:1    | Killed a stone giant
 19682 | Orc:2    | Found Iphaojub's Food Emporium.
 19684 | Orc:2    | Found Bintus's Gadget Emporium.
 19712 | Orc:1    | Reached skill level 5 in Shields
 19772 | Orc:2    | Found a staircase to the Elven Halls.
 20076 | Orc:2    | Reached XP level 14. HP: 89/92 MP: 20/20
 20241 | Orc:2    | Found a roughly hewn altar of Beogh.
 20379 | Orc:2    | Found Osiovvorgh's Distillery.
 20384 | Orc:2    | Found Umeigocu's Book Shoppe.
 20617 | Orc:2    | Bought a potion of resistance for 120 gold pieces
 20617 | Orc:2    | Bought a potion of cancellation for 96 gold pieces
 20617 | Orc:2    | Bought a potion of ambrosia for 96 gold pieces
 20617 | Orc:2    | Bought a potion of brilliance for 48 gold pieces
 20723 | Orc:2    | Reached skill level 15 in Slings
 21099 | Orc:2    | Reached ****** piety under Lugonu
 21099 | Orc:2    | Reached skill level 9 in Dodging
 21584 | D:6      | Bought the ring of Kytomato {*Corrode +Blink rF++ Str+8
                  | Int+6} for 1411 gold pieces
 21668 | Lair:1   | Entered Level 1 of the Lair of Beasts
 22678 | Lair:1   | Got a brightly glowing rapier
 22678 | Lair:1   | Identified the cursed +1 rapier of Doom {elec, +Fly MR+}
                  | (You found it on level 1 of the Lair of Beasts)
 22931 | Lair:2   | You fall into a shaft and drop 2 floors!
 22958 | Lair:4   | Found a gate leading to a gauntlet.
 22966 | Gauntlet | Entered a Gauntlet
 22966 | Gauntlet | Found a transporter.
 22966 | Gauntlet | Found a transporter.
 22973 | Gauntlet | Found a transporter.
 22984 | Gauntlet | Found a transporter.
 23003 | Gauntlet | Found a transporter.
 23013 | Gauntlet | Found a transporter.
 23013 | Gauntlet | Found a transporter.
 23016 | Gauntlet | Found a transporter.
 23032 | Gauntlet | Found a transporter.
 23038 | Gauntlet | Found a transporter.
 23087 | Gauntlet | Found a transporter.
 23096 | Gauntlet | Found a transporter.
 23141 | Gauntlet | Found a transporter.
 23157 | Gauntlet | Found a transporter.
 23173 | Gauntlet | Noticed a cacodemon
 23259 | Gauntlet | Found a transporter.
 23273 | Gauntlet | Found a transporter.
 23542 | Gauntlet | Got a twitching pewter amulet
 23583 | Gauntlet | Noticed a minotaur
 23599 | Gauntlet | Killed a minotaur
 23615 | Gauntlet | Learned a level 1 spell: Infusion
 23618 | Gauntlet | Learned a level 2 spell: Song of Slaying
 23622 | Gauntlet | Learned a level 3 spell: Spectral Weapon
 23650 | Lair:3   | Found a dark tunnel.
 23711 | Volcano  | Entered a volcano
 24095 | Volcano  | Reached skill level 1 in Charms
 24459 | Lair:3   | Identified a +3 hand axe of distortion (a +1 hand axe
                  | corrupted by Lugonu)
 24459 | Lair:3   | Received a gift from Lugonu
 24665 | Lair:3   | Reached XP level 15. HP: 99/99 MP: 22/22
 24877 | Lair:3   | Identified the amulet of the Death Scarab {RegenMP rPois
                  | MR- Str+2 Slay+5} (You found it in a Gauntlet)
 25425 | Lair:2   | Reached skill level 1 in Spellcasting
 25485 | Lair:2   | Found a staircase to the Shoals.
 26846 | Lair:4   | Found a staircase to the Snake Pit.
 27818 | Lair:5   | Noticed Sonja
 27820 | Lair:5   | Killed Sonja
 28339 | Lair:6   | Entered Level 6 of the Lair of Beasts
 28349 | Lair:6   | Noticed Josephine
 28381 | Lair:6   | Found a runed translucent gate.
 28381 | Lair:6   | Found a runed translucent gate.
 28389 | Lair:6   | Noticed teukkam's ghost (journeyman TrMo)
 28465 | Lair:6   | Found a runed translucent gate.
 28494 | Lair:6   | Reached skill level 10 in Dodging
 28715 | Lair:6   | Found a staircase to the Slime Pits.
 29051 | Lair:6   | Reached skill level 10 in Invocations
 29289 | Lair:6   | Reached XP level 16. HP: 98/107 MP: 20/23
 29290 | Lair:6   | Reached skill level 10 in Armour
 29290 | Lair:6   | Reached XP level 17. HP: 102/111 MP: 21/24
 29292 | Lair:6   | Reached skill level 5 in Charms
 29292 | Lair:6   | Reached XP level 18. HP: 117/117 MP: 22/25
 29759 | Lair:6   | Reached skill level 1 in Hexes
 29778 | Lair:6   | Reached XP level 19. HP: 90/122 MP: 20/26
 29782 | Lair:6   | Killed Josephine
 30524 | Lair:5   | Killed teukkam's ghost
 32039 | D:13     | Found a gate to the Vaults.
 32660 | D:14     | Found Waxt's Magic Scroll Emporium.
 32667 | D:14     | Bought a scroll of magic mapping for 42 gold pieces
 32667 | D:14     | Bought a scroll of silence for 90 gold pieces
 32667 | D:14     | Bought a scroll of summoning for 114 gold pieces
 32668 | D:14     | Found Qothol's Book Boutique.
 32683 | D:14     | Found Hoic's Antique Armour Shop.
 32854 | D:14     | Identified a scroll of acquirement
 32855 | D:14     | Acquired a manual of Maces & Flails
 33034 | D:14     | Found Rasys's Armour Shop.
 33813 | D:15     | Entered Level 15 of the Dungeon
 33813 | D:15     | Found a portal to a secret trove of treasure.
 34057 | D:15     | Found a staircase to the Depths.
 35111 | Shoals:1 | Entered Level 1 of the Shoals
 35223 | Shoals:1 | Found Miraex's Mayhem Merchandise.
 35963 | Shoals:1 | Found Imiv's Island Escapes.
 36201 | Shoals:2 | Found Roirahig's Assorted Antiques.
 36210 | Shoals:1 | Reached skill level 11 in Dodging
 36441 | Shoals:2 | Reached skill level 15 in Axes
 36540 | Shoals:2 | Reached XP level 20. HP: 129/131 MP: 28/28
 37665 | Shoals:3 | Reached skill level 5 in Spellcasting
 38000 | Shoals:3 | Reached skill level 10 in Evocations
 38770 | Shoals:4 | Entered Level 4 of the Shoals
 38934 | Shoals:4 | Noticed Louise
 38936 | Shoals:4 | Corrupted Shoals:4
 38936 | Shoals:4 | Noticed a bone dragon
 38945 | Shoals:4 | Reached skill level 10 in Fighting
 38953 | Shoals:4 | Killed Louise
 39546 | Shoals:4 | Got a barnacled rune of Zot
 40432 | Snake:1  | Entered Level 1 of the Snake Pit
 40705 | D:6      | Bought the ring "Kuumei" {rElec AC+4 Int+2} for 758 gold
                  | pieces
 41689 | Snake:1  | Noticed Nikola
 41706 | Snake:1  | Killed Nikola
 42433 | Snake:2  | Found Sapeurei's Antique Weapon Shop.
 42436 | Snake:2  | Found Vorogure's Assorted Antiques.
 42508 | Snake:2  | Found Qowituwk's Gadget Shop.
 42609 | Snake:2  | Reached XP level 21. HP: 137/137 MP: 29/29
 43439 | Snake:3  | Learned a level 2 spell: Swiftness
 43442 | Snake:3  | Learned a level 2 spell: Passwall
 44223 | Snake:4  | Entered Level 4 of the Snake Pit
 44231 | Snake:4  | Reached skill level 12 in Dodging
 44461 | Snake:4  | Found Neteohuen's Distillery.
 44466 | Snake:4  | Reached skill level 1 in Earth Magic
 44482 | Snake:4  | Noticed Vashnia
 44499 | Snake:4  | Killed Vashnia
 44499 | Snake:4  | Reached skill level 1 in Transmutations
 44906 | Snake:4  | Got a fine hunting sling
 44906 | Snake:4  | Identified the +7 hunting sling of Laceration {flame, rF-
                  | MR+ Str+7 Int+10 Dex-4} (You found it on level 4 of the
                  | Snake Pit)
 46492 | Snake:4  | Got a serpentine rune of Zot
 46539 | Snake:4  | Reached XP level 22. HP: 144/144 MP: 31/31
 47182 | Vaults:1 | Entered Level 1 of the Vaults
 48344 | Vaults:1 | Noticed Asterion
 48359 | Vaults:1 | Killed Asterion
 48499 | Vaults:2 | Found Alofelei's Gadget Boutique.
 49858 | Vaults:2 | Found a runed translucent gate.
 49858 | Vaults:2 | Found a runed translucent gate.
 49858 | Vaults:2 | Found a runed translucent gate.
 49859 | Vaults:2 | Noticed Forgeling's ghost (adept FeEn)
 50306 | Vaults:3 | Found a roughly hewn altar of Beogh.
 51120 | Vaults:3 | Reached skill level 13 in Dodging
 51376 | Vaults:3 | Reached XP level 23. HP: 127/152 MP: 26/33
 51523 | Vaults:3 | Reached skill level 5 in Earth Magic
 51612 | Vaults:3 | Noticed Saint Roka
 51978 | Vaults:2 | Killed Saint Roka
 52652 | Vaults:3 | Identified the +3 broad axe "Deut" {drain, rElec rC+}
 52757 | Vaults:3 | Found a staircase to the Crypt.
 52757 | Vaults:3 | Found a basalt altar of Yredelemnul.
 52758 | Vaults:3 | Found an ancient bone altar of Kikubaaqudgha.
 53461 | Crypt:1  | Entered Level 1 of the Crypt
 54033 | Vaults:4 | Found Lula's Distillery.
 54507 | Vaults:4 | Noticed Jory
 54525 | Vaults:4 | Killed Jory
 55874 | Elf:1    | Entered Level 1 of the Elven Halls
 56151 | Elf:1    | Noticed Agnes
 56165 | Elf:1    | Killed Agnes
 56598 | Elf:1    | Found Ukudyp Rape's Armour Emporium.
 56737 | Elf:1    | Reached XP level 24. HP: 160/160 MP: 34/34
 56743 | Elf:1    | Learned a level 4 spell: Passage of Golubria
 57068 | Elf:2    | Found a huge runed translucent gate.
 57068 | Elf:2    | Found a huge runed translucent gate.
 57068 | Elf:2    | Found a huge runed translucent gate.
 57068 | Elf:2    | Found a huge runed translucent gate.
 57070 | Elf:2    | Found a huge runed translucent gate.
 57203 | Elf:2    | Found Wiufid's Weapon Emporium.
 57268 | Elf:2    | Reached skill level 1 in Translocations
 57370 | Elf:2    | Reached skill level 10 in Shields
 58605 | Elf:3    | Entered Level 3 of the Elven Halls
 58858 | Elf:3    | Reached skill level 1 in Maces & Flails
 59169 | Elf:3    | Reached skill level 14 in Dodging
 59190 | Elf:3    | Reached skill level 5 in Translocations
 59433 | Elf:3    | Noticed Aizul
 59461 | Elf:3    | Killed Aizul
 60110 | Elf:3    | Identified the ring "Vesmyry" {Ice rElec MP+9 Dex-4}
 60253 | Elf:3    | Identified the cursed +2 trident of the Seven Wars {holy,
                  | +Inv}
 60280 | Elf:3    | Identified the cursed +0 helmet of Cheibriados's Regard
                  | {Str+2} (You found it on level 3 of the Elven Halls)
 60303 | Elf:3    | Identified the +8 hand axe of Gehenna {flame, rPois MR+
                  | Str+2 Int+4} (You found it on level 3 of the Elven Halls)
 60325 | Elf:3    | Identified the ring "Juvvu" {rF+ rC- Str+5} (You found it
                  | on level 3 of the Elven Halls)
 60350 | Elf:3    | Identified the +7 hand axe of Oguarph Bifie {freeze, rElec
                  | MR+++ Dex+6} (You found it on level 3 of the Elven Halls)
 60359 | Elf:3    | Identified the amulet of Exhibitionism {Inacc *Drain Int+4}
                  | (You found it on level 3 of the Elven Halls)
 60366 | Elf:3    | Identified the Guide on the Entourage
 60369 | Elf:3    | Identified the Collected Works on the Mountains
 60737 | Depths:1 | Entered Level 1 of the Depths
 60737 | Depths:1 | Noticed Sojobo
 60821 | Depths:1 | Corrupted Depths:1
 61272 | Depths:1 | Found a gateway to Hell.
 61303 | Depths:1 | Reached XP level 25. HP: 85/166 MP: 25/35
 61636 | Depths:1 | Identified the +1 chain mail of Pessimism {+Blink rF++ rC+
                  | Str-3} (You found it on level 1 of the Depths)
 61777 | Depths:1 | Killed Sojobo
 62060 | Depths:1 | You fall into a shaft and drop 1 floor!
 62547 | Depths:2 | Reached skill level 5 in Maces & Flails
 63165 | Depths:2 | Identified the +3 scale mail "Zull" {rCorr} (You found it
                  | on level 2 of the Depths)
 63196 | Depths:2 | Corrupted Depths:2
 63992 | Depths:2 | Found a one-way gate leading to the halls of Pandemonium.
 65085 | Depths:1 | Found a snail-covered altar of Cheibriados.
 65141 | Depths:1 | Found Lelon's Pet Rocks.
 65432 | D:14     | Bought shiny pearl dragon scales for 2450 gold pieces
 66146 | Depths:3 | Reached XP level 26. HP: 165/169 MP: 36/36
 67576 | Depths:3 | Found a one-way gate to the infinite horrors of the Abyss.
 68027 | Depths:4 | Reached skill level 15 in Dodging
 68129 | Depths:4 | Reached skill level 15 in Invocations
 68713 | Depths:4 | Noticed a juggernaut
 68742 | Depths:4 | Killed a juggernaut
 69151 | Depths:4 | Identified the Tome of Hexes
 69159 | Depths:4 | Learned a level 5 spell: Silence
 69529 | Depths:4 | Found a gateway to a ziggurat.
 69643 | Depths:4 | Reached XP level 27. HP: 151/180 MP: 33/36
 69654 | Depths:4 | Identified the +11 mace of Zeoth {pain, Str+2 Dex+6}
 69802 | Depths:4 | Reached skill level 15 in Shields
 70411 | Depths:5 | Entered Level 5 of the Depths
 70451 | Depths:5 | Found a magical portal.
 70462 | WizLab   | Entered Lehudib's Moon Base
 70529 | WizLab   | Reached skill level 5 in Hexes
 71346 | WizLab   | Identified the cursed +0 pair of boots of Grot {rF+} (You
                  | found it in a wizard's laboratory)
 71994 | WizLab   | Found a transporter.
 72021 | WizLab   | Found a transporter.
 72039 | WizLab   | Reached skill level 10 in Spellcasting
 72421 | WizLab   | Got a vibrating ruby amulet
 72422 | WizLab   | Identified the amulet of Xaojob {RegenMP rN+} (You found it
                  | in a wizard's laboratory)
 72426 | WizLab   | Identified the +4 war axe of Symmetry {vorpal, Int+4} (You
                  | found it in a wizard's laboratory)
 72454 | WizLab   | Identified Lehudib's Volume of Displaced Clay
 72670 | Depths:5 | Noticed a juggernaut
 72698 | Depths:4 | Killed a juggernaut
 72889 | Depths:5 | Reached skill level 10 in Maces & Flails
 74675 | Depths:5 | Found a gate to the Realm of Zot.
 76114 | Crypt:1  | Noticed Bai Suzhen
 76135 | Crypt:1  | Reached skill level 16 in Dodging
 76143 | Crypt:1  | Killed Bai Suzhen
 77076 | Crypt:2  | Noticed Donald
 77082 | Crypt:2  | Killed Donald
 77099 | Crypt:2  | Found a runed translucent gate.
 77099 | Crypt:2  | Found a runed translucent gate.
 77264 | Crypt:2  | Noticed Nyubb's ghost (veteran MiGl)
 77266 | Crypt:2  | Found a runed translucent gate.
 77268 | Crypt:2  | Found an opulent altar of Gozag.
 77272 | Crypt:2  | Found Hof Amid's Assorted Antiques.
 77827 | Crypt:3  | Entered Level 3 of the Crypt
 78964 | Crypt:3  | Noticed a greater mummy
 78999 | Crypt:3  | Killed a greater mummy
 79438 | Crypt:3  | Reached skill level 15 in Evocations
 79881 | Crypt:3  | Identified the cursed +1 ice dragon scales "Uvolum" {rF-
                  | rC++ MR+ Str+5}
 80021 | Crypt:3  | Found a staircase to the Tomb.
 80169 | Crypt:3  | Identified the +1 war axe "Naehoen" {vorpal, Dex+2}
 80179 | Crypt:3  | Identified the +8 long sword of Chance {pain, rN++}
 80334 | Crypt:3  | Identified the Guide on Dark Rites
 80625 | Crypt:3  | Learned a level 7 spell: Ring of Flames
 81262 | D:14     | Bought the Tome of the Boosting Voyage for 994 gold pieces
 81269 | D:14     | Learned a level 6 spell: Dispersal
 81820 | Slime:1  | Entered Level 1 of the Pits of Slime
 82130 | Slime:3  | Reached skill level 1 in Air Magic
 82274 | Slime:3  | You fall into a shaft and drop 1 floor!
 82911 | Slime:3  | Gained mutation: You do not regenerate when monsters are
                  | visible. [a shining eye]
 83610 | Slime:5  | Entered Level 5 of the Pits of Slime
 84350 | Slime:5  | Noticed the Royal Jelly
 84352 | Slime:5  | Found a viscous altar of Jiyva.
 84394 | Slime:5  | HP: 7/184 [azure jelly[the Royal Jelly] (33)]
 84425 | Slime:5  | Killed the Royal Jelly
 84830 | Slime:5  | Identified the +1 hat of Damp Leaves {rPois Int-4 SInv
                  | Stlth+} (You found it on level 5 of the Pits of Slime)
 84847 | Slime:5  | Got a faintly glowing brass ring
 84877 | Slime:5  | Got a heavily runed glass ring
 84878 | Slime:5  | Identified the ring "Famikud" {Wiz rPois rF+} (You found it
                  | on level 5 of the Pits of Slime)
 84879 | Slime:5  | Identified the ring "Pashrythe" {*Drain rElec MP+9 Str+6
                  | Int+2} (You found it on level 5 of the Pits of Slime)
 84885 | Slime:5  | Identified the +9 spear "Pefeni" {elec, rPois Str-4 Dex+6
                  | Stlth+} (You found it on level 5 of the Pits of Slime)
 84898 | Slime:5  | Got a slimy rune of Zot
 84914 | Slime:5  | Identified the +9 flail "Reejizal" {vorpal, rC+ MR+} (You
                  | found it on level 5 of the Pits of Slime)
 85335 | D:10     | Lost mutation: You do not regenerate when monsters are
                  | visible. [potion of mutation]
 85335 | D:10     | Gained mutation: You have supernaturally acute eyesight.
                  | (SInv) [potion of mutation]
 85546 | Zot:1    | Entered Level 1 of the Realm of Zot
 85764 | Zot:1    | Reached skill level 1 in Throwing
 87094 | Zot:2    | Reached skill level 17 in Dodging
 87677 | Zot:2    | Reached skill level 5 in Air Magic
 87817 | Zot:2    | Reached skill level 5 in Throwing
 88585 | Zot:2    | Reached skill level 15 in Fighting
 91165 | Zot:3    | Identified the +10 quarterstaff "Worm" {elec, rF+ Dex+5
                  | Stlth+}
 91168 | Zot:3    | Identified the +4 dragonskin cloak
 91168 | Zot:3    | Noticed Tiamat
 91218 | Zot:3    | Corrupted Zot:3
 91278 | Zot:3    | Escaped the Abyss
 91293 | Zot:3    | Killed Tiamat
 91293 | Zot:3    | Reached skill level 10 in Hexes
 92439 | Zot:4    | Noticed a Killer Klown
 92473 | Zot:4    | Killed a Killer Klown
 93488 | Zot:5    | Entered Level 5 of the Realm of Zot
 93887 | Zot:5    | Noticed a Killer Klown
 93908 | Zot:5    | Killed a Killer Klown
 93970 | Zot:5    | Noticed an ancient lich
 93982 | Zot:5    | Killed an ancient lich
 94082 | Zot:5    | Reached skill level 18 in Dodging
 94168 | Zot:5    | Noticed an ancient lich
 94174 | Zot:5    | Noticed a Killer Klown
 94176 | Zot:5    | Killed an ancient lich
 94176 | Zot:5    | Reached skill level 10 in Throwing
 94188 | Zot:5    | Killed a Killer Klown
 94189 | Zot:5    | Noticed a Killer Klown
 94224 | Zot:5    | Killed a Killer Klown
 94291 | Zot:5    | Noticed an orb of fire
 94295 | Zot:5    | Gained mutation: You are dopey. (Int -2) [an orb of fire]
 94318 | Zot:5    | Killed an orb of fire
 94451 | Zot:5    | Noticed a Killer Klown
 94464 | Zot:5    | Killed a Killer Klown
 94527 | Zot:5    | Noticed a Killer Klown
 94610 | Zot:5    | Noticed a Killer Klown
 94618 | Zot:5    | Killed a Killer Klown
 94771 | Zot:5    | Noticed a Killer Klown
 94799 | Zot:5    | Killed a Killer Klown
 94799 | Zot:5    | Noticed an orb of fire
 94823 | Zot:5    | Killed an orb of fire
 94907 | Zot:5    | Noticed a Killer Klown
 94922 | Zot:5    | Killed a Killer Klown
 94964 | Zot:5    | Noticed a Killer Klown
 94982 | Zot:5    | Killed a Killer Klown
 95283 | Zot:5    | Noticed a Killer Klown
 95303 | Zot:5    | Killed a Killer Klown
 95307 | Zot:5    | Reached skill level 10 in Translocations
 95331 | Zot:5    | Noticed a Killer Klown
 95333 | Zot:5    | Noticed a Killer Klown
 95354 | Zot:5    | Killed a Killer Klown
 95355 | Zot:5    | Killed a Killer Klown
 95398 | Zot:5    | Noticed a Killer Klown
 95407 | Zot:5    | Killed a Killer Klown
 95415 | Zot:5    | Noticed an ancient lich
 95450 | Zot:5    | Killed an ancient lich
 95578 | Zot:5    | Identified the cursed +0 scale mail of Defiance {rPois
                  | Str-3 Stlth+} (You found it on level 5 of the Realm of Zot)
 95740 | Zot:5    | Killed a Killer Klown
 96162 | Zig:1    | Entered Level 1 of a ziggurat
 96296 | Zig:2    | Entered Level 2 of a ziggurat
 96296 | Zig:2    | Noticed Nefeepn the pandemonium lord
 96342 | Zig:2    | Killed Nefeepn the pandemonium lord
 96510 | Zig:3    | Entered Level 3 of a ziggurat
 96510 | Zig:3    | Noticed Genijen the pandemonium lord
 96543 | Zig:3    | Banished Genijen the pandemonium lord
 96581 | Zig:3    | Got a steaming lapis lazuli ring
 96584 | Zig:3    | Identified the ring of Xom's Whimsicality {Wiz rF- Str-2
                  | Dex+7} (You found it on level 3 of a ziggurat)
 96803 | Zig:4    | Entered Level 4 of a ziggurat
 96851 | Zig:5    | Entered Level 5 of a ziggurat
 96923 | Zig:6    | Entered Level 6 of a ziggurat
 96941 | Zig:6    | Noticed an ancient lich
 96957 | Zig:6    | Killed an ancient lich
 96993 | Zig:6    | Identified Sif Muna's Incunabulum of Snow
 97019 | Zig:7    | Entered Level 7 of a ziggurat
 97059 | Zig:7    | HP: 4/189 [azure jelly (10)]
 97059 | Zig:7    | HP: 1/189 [azure jelly (3)]
 97562 | Zig:8    | Entered Level 8 of a ziggurat
 97722 | Zig:8    | Identified the Grimoire of Mutagenic Venom
 97772 | Zig:9    | Entered Level 9 of a ziggurat
 98232 | Zig:9    | Got a flickering tin ring
 98252 | Zig:10   | Entered Level 10 of a ziggurat
 98656 | Zig:10   | Identified the +5 war axe "Beetlebane" {protect, +Inv rF-
                  | Int+8 Stlth+} (You found it on level 10 of a ziggurat)
 98661 | Zig:10   | Identified the ring of Komabb {rElec Str+2 SInv} (You found
                  | it on level 9 of a ziggurat)
 98672 | Zig:11   | Entered Level 11 of a ziggurat
 98741 | Zig:11   | Found the +2 cloak of the Thief {+Fog Slay-2 SInv Stlth+}
 99045 | Zig:11   | Identified the +11 war axe of a Gauntlet {vorpal, rF++
                  | Dex+3} (You found it on level 11 of a ziggurat)
 99050 | Zig:11   | Identified the Disquisition on Snow and Execration
 99082 | Zig:12   | Entered Level 12 of a ziggurat
 99135 | Zig:12   | Paralysed by accursed screaming for 1 turns
 99149 | Zig:12   | Corrupted Zig:12
 99150 | Zig:12   | Paralysed by accursed screaming for 2 turns
 99150 | Zig:12   | HP: 9/190 [smoke demon/ball of steam (5)]
 99575 | Zig:13   | Entered Level 13 of a ziggurat
 99625 | Zig:13   | Noticed Fisun the pandemonium lord
 99627 | Zig:13   | Corrupted Zig:13
 99637 | Zig:13   | Found the ring of the Octopus King
 99642 | Zig:13   | Got a ring of the Octopus King
100167 | Depths:4 | Killed Fisun the pandemonium lord
100639 | D:15     | You paid a toll of +3 shadow dragon scales to enter a
                  | treasure trove
100640 | Trove    | Entered a treasure trove
100685 | Trove    | Identified Sif Muna's Collected Works on Captivating Fire
100692 | Trove    | Got a glittering garnet amulet
100694 | Trove    | Got an ancient amethyst amulet
100697 | Trove    | Got a bound lead amulet
100742 | D:15     | Identified the amulet "Vuinaraq" {Regen+ SInv} (You found
                  | it in a treasure trove)
100743 | D:15     | Identified the amulet of Linearity {Spirit +Inv +Fly} (You
                  | found it in a treasure trove)
100744 | D:15     | Identified the amulet of the Echidna {Faith rPois Str-2
                  | Int-5 Dex+10} (You found it in a treasure trove)
100753 | D:15     | Identified a ring of the Octopus King {Wiz AC+1 EV+1 Str+1
                  | Int+1 Dex+1} (You found it on level 13 of a ziggurat)
100888 | Hell     | Entered the Vestibule of Hell
100888 | Hell     | Noticed Geryon
100919 | Hell     | Reached skill level 1 in Fire Magic
100958 | Depths:1 | Learned a level 3 spell: Portal Projectile
101691 | Lair:6   | Learned a level 1 spell: Apportation
102846 | Elf:1    | Bought a +1 pair of boots of flying for 214 gold pieces
102913 | Orc:2    | Bought 2 potions of curing for 72 gold pieces
102913 | Orc:2    | Bought a potion of heal wounds for 60 gold pieces
102913 | Orc:2    | Bought a potion of curing for 36 gold pieces
102913 | Orc:2    | Bought a potion of mutation for 96 gold pieces
102913 | Orc:2    | Bought a potion of flight for 36 gold pieces
102913 | Orc:2    | Bought a potion of might for 48 gold pieces
103174 | Vaults:2 | Killed Forgeling's ghost
103422 | Vaults:4 | Bought a potion of berserk rage for 90 gold pieces
103422 | Vaults:4 | Bought a potion of lignification for 54 gold pieces
103422 | Vaults:4 | Bought a potion of magic for 144 gold pieces
103422 | Vaults:4 | Bought a potion of resistance for 180 gold pieces
103422 | Vaults:4 | Bought a potion of berserk rage for 90 gold pieces
103422 | Vaults:4 | Bought a potion of berserk rage for 90 gold pieces
103422 | Vaults:4 | Bought a potion of curing for 54 gold pieces
103422 | Vaults:4 | Bought a potion of ambrosia for 144 gold pieces
103422 | Vaults:4 | Bought a potion of ambrosia for 144 gold pieces
103422 | Vaults:4 | Bought a potion of haste for 180 gold pieces
103460 | Vaults:5 | Entered Level 5 of the Vaults
103476 | Vaults:5 | Reached skill level 19 in Dodging
104855 | Vaults:5 | Reached skill level 5 in Fire Magic
105938 | Vaults:5 | Identified the +2 leather armour "Denamof" {rN+ MR+} (You
                  | found it on level 5 of the Vaults)
105967 | Vaults:5 | Identified the +11 shortbow "Qoohidd" {speed, rN+ Str+4}
106236 | Vaults:5 | Learned a level 6 spell: Statue Form
106463 | Vaults:5 | Got a silver rune of Zot
106527 | Vaults:5 | Reached skill level 10 in Charms
106605 | Vaults:5 | Found Kyloloen's Book Shoppe.
106719 | Vaults:5 | Reached skill level 5 in Transmutations
107761 | Tomb:1   | Entered Level 1 of the Tomb of the Ancients
108382 | Tomb:1   | Noticed a greater mummy
108511 | Tomb:1   | Killed a greater mummy
109009 | Tomb:1   | Noticed a greater mummy
109021 | Tomb:1   | Killed a greater mummy
109362 | Tomb:1   | Corrupted Tomb:1
109381 | Tomb:1   | Killed a greater mummy
109392 | Tomb:1   | Killed a greater mummy
109951 | Hell     | Killed Geryon
110636 | Hell     | Found a gateway to the Iron City of Dis.
110753 | Hell     | Found a gateway to the ashen valley of Gehenna.
110849 | Hell     | Found a gateway to the decaying netherworld of Tartarus.
111060 | Hell     | Found a gateway to the freezing wastes of Cocytus.
111232 | Tar:1    | Entered Level 1 of Tartarus
113407 | Tar:4    | Reached skill level 10 in Fire Magic
114455 | Tar:5    | Reached skill level 20 in Dodging
114538 | Tar:7    | Entered Level 7 of Tartarus
115827 | Tar:7    | Reached skill level 10 in Transmutations
116156 | Tar:7    | Reached skill level 10 in Earth Magic
116671 | Tar:7    | Got a serpentine ivory amulet
116672 | Tar:7    | Identified the amulet "Jejeod" {RegenMP Slay+2} (You found
                  | it on level 7 of Tartarus)
116693 | Tar:7    | Identified a +1 pair of boots of running (You found it on
                  | level 7 of Tartarus)
116796 | Tar:7    | Identified the ring of Zoixelal {Wiz rF+} (You found it on
                  | level 7 of Tartarus)
117207 | Tar:7    | Found the +6 shillelagh "Devastator" {shatter}
120325 | Tar:7    | Noticed Ereshkigal
120389 | Tar:7    | Killed Ereshkigal
120969 | Tar:7    | Got a bone rune of Zot
121244 | Dis:1    | Entered Level 1 of the Iron City of Dis
122123 | Dis:3    | Learned a level 5 spell: Summon Forest
122593 | Dis:6    | Reached skill level 15 in Spellcasting
122668 | Dis:6    | Reached skill level 1 in Summonings
123004 | Dis:6    | Reached skill level 21 in Dodging
123785 | Dis:7    | Entered Level 7 of the Iron City of Dis
125226 | Dis:7    | Reached skill level 15 in Charms
125813 | Abyss:1  | Killed Grinder
126110 | Dis:7    | Escaped the Abyss
126134 | Dis:7    | Found the +2 hood of the Assassin {Detection Stab+ Stlth++}
126155 | Dis:7    | Identified Sif Muna's Guide on Transmutation and Attacks
126167 | Dis:7    | Identified the +7 eveningstar "Xameref" {freeze, Str+2}
                  | (You found it on level 7 of the Iron City of Dis)
128012 | Dis:7    | Gained mutation: You occasionally shout uncontrollably at
                  | your foes. [a cacodemon]
129139 | Dis:7    | HP: 9/198 [poisoned by a reaper]
130026 | Dis:7    | Reached skill level 15 in Fire Magic
130079 | Dis:7    | Reached skill level 5 in Summonings
130426 | Dis:7    | Corrupted Dis:7
130430 | Dis:7    | Got an iron rune of Zot
130660 | Geh:1    | Entered Level 1 of Gehenna
130938 | Geh:1    | Found a burning altar of Makhleb.
132864 | Geh:7    | Entered Level 7 of Gehenna
133662 | Geh:7    | Reached skill level 22 in Dodging
135298 | Geh:7    | Identified the amulet "Jyafuthre" {Acrobat rElec rC+ Dex+2}
                  | (You found it on level 7 of Gehenna)
135711 | Geh:7    | Identified the ring of Benicw {+Fly rElec Int-2 Slay+4}
                  | (You found it on level 7 of Gehenna)
135739 | Geh:7    | Identified the ring "Kirauschit" {rN++ Int+6} (You found it
                  | on level 7 of Gehenna)
135904 | Geh:7    | Noticed an ancient lich
135926 | Geh:7    | Killed an ancient lich
136830 | Geh:7    | Identified the +7 sceptre of Asmodeus
136830 | Geh:7    | Noticed Asmodeus
136887 | Geh:7    | Killed Asmodeus
136913 | Geh:7    | Got an obsidian rune of Zot
137260 | Vaults:2 | Bought a phantom mirror for 510 gold pieces
137260 | Vaults:2 | Bought a box of beasts for 340 gold pieces
137260 | Vaults:2 | Bought a wand of iceblast (8) for 204 gold pieces
137260 | Vaults:2 | Bought a wand of iceblast (5) for 153 gold pieces
137260 | Vaults:2 | Bought a wand of iceblast (7) for 187 gold pieces
137260 | Vaults:2 | Bought a wand of acid (8) for 408 gold pieces
137574 | Tomb:1   | Noticed a greater mummy
137588 | Tomb:1   | Killed a greater mummy
137609 | Tomb:1   | Noticed a greater mummy
137624 | Tomb:1   | Killed a greater mummy
137798 | Tomb:1   | Noticed a greater mummy
137919 | Tomb:1   | Killed a greater mummy
137988 | Tomb:1   | Noticed a greater mummy
138025 | Tomb:1   | Killed a greater mummy
138306 | Tomb:1   | Noticed a greater mummy
138342 | Tomb:1   | Killed a greater mummy
138382 | Tomb:1   | Noticed a greater mummy
138416 | Tomb:1   | Noticed a greater mummy
138426 | Tomb:1   | Killed a greater mummy
138435 | Tomb:1   | Killed a greater mummy
138580 | Tomb:1   | Noticed a greater mummy
138608 | Tomb:1   | Killed a greater mummy
138644 | Tomb:1   | Noticed a greater mummy
138663 | Tomb:1   | Killed a greater mummy
138663 | Tomb:1   | Noticed a greater mummy
138670 | Tomb:1   | Noticed a greater mummy
139132 | Tomb:1   | Noticed a greater mummy
139150 | Tomb:1   | Killed a greater mummy
139342 | Tomb:1   | Killed a greater mummy
139489 | Tomb:1   | Killed a greater mummy
139661 | Tomb:1   | Noticed a greater mummy
139664 | Tomb:1   | Noticed a greater mummy
139678 | Tomb:1   | Killed a greater mummy
139691 | Tomb:1   | Killed a greater mummy
139863 | Tomb:1   | Noticed a greater mummy
139879 | Tomb:1   | Killed a greater mummy
139896 | Tomb:1   | Noticed a greater mummy
139937 | Tomb:1   | Killed a greater mummy
140151 | Tomb:1   | Noticed a greater mummy
140151 | Tomb:1   | Noticed a greater mummy
140151 | Tomb:1   | Noticed a greater mummy
140151 | Tomb:1   | Noticed a greater mummy
140151 | Tomb:1   | Noticed a greater mummy
140153 | Tomb:1   | Noticed a greater mummy
140153 | Tomb:1   | Noticed a greater mummy
140155 | Tomb:1   | Noticed a greater mummy
140611 | Tomb:1   | Killed a greater mummy
140679 | Tomb:1   | Killed a greater mummy
140724 | Tomb:1   | Killed a greater mummy
140803 | Tomb:1   | Killed a greater mummy
140925 | Tomb:1   | Killed a greater mummy
140983 | Tomb:1   | Killed a greater mummy
141192 | Tomb:1   | Killed a greater mummy
141291 | Tomb:1   | Killed a greater mummy
142027 | Tomb:2   | Corrupted Tomb:2
142056 | Tomb:2   | Noticed an ancient lich
142058 | Tomb:2   | Noticed a greater mummy
142058 | Tomb:2   | Killed an ancient lich
142059 | Tomb:2   | Killed a greater mummy
142067 | Tomb:2   | Killed a greater mummy
142069 | Tomb:2   | Noticed Frederick
142069 | Tomb:2   | Noticed a greater mummy
142391 | Tomb:2   | Killed Frederick
142401 | Tomb:2   | Killed a greater mummy
142670 | Tomb:2   | Identified the cursed +0 pair of boots "Aberou" {*Drain
                  | +Fly rPois Int+2} (You found it on level 2 of the Tomb of
                  | the Ancients)
143896 | Coc:1    | Entered Level 1 of Cocytus
144050 | Coc:1    | Noticed a shard shrike
144065 | Coc:1    | Killed a shard shrike
144583 | Coc:1    | Noticed a shard shrike
144583 | Coc:1    | Noticed a shard shrike
144591 | Coc:1    | Killed a shard shrike
144604 | Coc:1    | Killed a shard shrike
144812 | Coc:3    | Noticed a shard shrike
144821 | Coc:3    | Killed a shard shrike
145174 | Coc:4    | Noticed a shard shrike
145180 | Coc:4    | Killed a shard shrike
145180 | Coc:4    | Reached skill level 23 in Dodging
145520 | Coc:5    | Noticed a shard shrike
145531 | Coc:5    | Killed a shard shrike
145927 | Coc:5    | Noticed a shard shrike
145934 | Coc:5    | Killed a shard shrike
146039 | Coc:6    | Noticed a shard shrike
146039 | Coc:6    | Noticed a shard shrike
146039 | Coc:6    | Noticed a shard shrike
146039 | Coc:6    | Noticed a shard shrike
146043 | Coc:6    | Killed a shard shrike
146050 | Hell     | Banished a shard shrike
147091 | Coc:4    | Noticed a shard shrike
147102 | Coc:4    | Killed a shard shrike
147148 | Hell     | Killed a shard shrike
147163 | Hell     | Killed a shard shrike
147548 | Coc:2    | Noticed a shard shrike
147552 | Coc:2    | Killed a shard shrike
147599 | Coc:2    | Reached skill level 10 in Summonings
148333 | Coc:5    | Noticed a shard shrike
148339 | Coc:5    | Killed a shard shrike
149151 | Coc:6    | Noticed a shard shrike
149158 | Coc:6    | Killed a shard shrike
149328 | Coc:6    | Noticed a shard shrike
149342 | Coc:6    | Killed a shard shrike
149589 | Coc:7    | Entered Level 7 of Cocytus
149607 | Coc:7    | Noticed a shard shrike
149608 | Coc:7    | Noticed a shard shrike
149609 | Coc:7    | Noticed a shard shrike
149611 | Coc:7    | Noticed a shard shrike
149620 | Hell     | Killed a shard shrike
150784 | Coc:5    | Noticed a shard shrike
150788 | Coc:5    | Killed a shard shrike
150828 | Coc:6    | Noticed a shard shrike
150842 | Coc:6    | Killed a shard shrike
150874 | Hell     | Killed a shard shrike
150875 | Hell     | Killed a shard shrike
151353 | Coc:6    | Noticed a shard shrike
151355 | Coc:6    | Noticed a shard shrike
151358 | Coc:6    | Noticed a shard shrike
151361 | Coc:6    | Killed a shard shrike
151367 | Coc:6    | Killed a shard shrike
151369 | Coc:6    | Killed a shard shrike
151415 | Coc:7    | Killed a shard shrike
151594 | Coc:7    | HP: 7/203 [Ice Fiend[the effects of Hell] (18)]
151612 | Coc:7    | Noticed a shard shrike
151613 | Coc:7    | Banished a shard shrike
153777 | Coc:7    | Noticed a shard shrike
153782 | Coc:7    | Killed a shard shrike
154305 | Coc:7    | HP: 2/204 [blizzard demon/the air (11)]
154310 | Coc:7    | Killed from afar by a blizzard demon

Illustrated notes

Levels and vault maps discovered:
D:1:      dpeg_arrival_shrine, layout_rooms
D:2:      cheibrodos_greedy_goblins, layout_basic,
          grunt_temple_overflow_diamond,
          chequers_temple_overflow_statue_of_worship, first_ration,
          doesnt_xom_only_xom
D:3:      layout_loops_cross
D:4:      layout_loops_ring, kennysheep_little_box,
          nicolae_overflow_crystal_walls, minmay_temple_entry_trees, uniq_robin,
          uniq_eustachio
D:5:      layout_basic, lemuel_doored_altar, basic_altar, ebering_ghost_sewer_f,
          uniq_grinder
D:6:      layout_cave_pods, serial_shops, shop, grunt_gozag_breadcrumbs
D:7:      layout_cave_pods, lemuel_crystal_altar, basic_altar, grunt_decor_cap,
          grunt_ogre_cave, grunt_qazlal_clouds, uniq_crazy_yiuf_cottage,
          uniq_harold
D:8:      layout_loops_cross
D:9:      layout_cave_pools, biasface_ghost_orc_armoury, uniq_joseph
D:10:     layout_small_grid, erik_lair_orcish_takeover,
          minmay_orc_entry_temple_small, serial_shops, nicolae_shop_waterfront,
          minmay_guarded_unrand_staff_of_olgreb
D:11:     layout_basic
D:12:     minmay_two_paths, layout_basic, basic_altar
D:13:     layout_gridville, grunt_vaults_entry_fortified
D:14:     layout_roguey, serial_shops, shop, nicolae_shop_overgrown_old_shop,
          nicolae_shop_competitors_out_of_business, nicolae_shop_statue_plus,
          minivault_7
D:15:     grunt_enter_depths_snipers, layout_irregular_city, enter_trove_2,
          nrook_mini_vaults, chequers_jeans
Temple:   dshaligram_water_room_temple
Lair:1:   layout_cave_pods, grunt_megastairs_5, lemuel_fruit_fields
Lair:2:   layout_regular_city, shoals_dummy_entry
Lair:3:   layout_regular_city, portal_ice_cave_rime,
          nicolae_volcano_entry_lava_flow, minivault_19, lemuel_fruit_tree
Lair:4:   layout_layer_cave, minmay_snake_entry_guardpost_medium,
          gauntlet_entry_generic, grunt_megastairs_4
Lair:5:   layout_loops_ring, grunt_forest_large_clearings, uniq_sonja
Lair:6:   evilmike_catoblepas_cave, layout_regular_city,
          minmay_slime_entry_pillars, gammafunk_ghost_split, uniq_josephine
Shoals:1: layout_shoals, minmay_shop_mayhem, nicolae_island_escapes
Shoals:2: layout_shoals, serial_shops, shop
Shoals:3: layout_shoals
Shoals:4: shoals_end_grunt_garden, layout_shoals, uniq_louise
Snake:1:  layout_honeycomb, uniq_nikola
Snake:2:  layout_gridlike, serial_shops, shop, shop, shop_fountains,
          grunt_megastairs_3
Snake:3:  layout_chambers
Snake:4:  grunt_snake_rune_pools, layout_onion, serial_shops,
          nicolae_shop_trees, uniq_vashnia
Slime:1:  layout_caves
Slime:2:  layout_caves, special_room [special_room_jelly], nicolae_slime_barrier
Slime:3:  layout_caves
Slime:4:  layout_caves
Slime:5
Orc:1:    layout_caves
Orc:2:    st_orc_open, layout_caves, lemuel_statue_altar
Elf:1:    layout_gridlike, serial_shops, nicolae_shop_waterfront, minivault_28,
          minmay_misc_feat_rows, minmay_strange_pillars, grunt_ministairs_14,
          roderic_lattice_octagonal_star, uniq_agnes
Elf:2:    layout_geoelf_octagon, serial_shops, shop_fountains
Elf:3:    minmay_elf_hall_circle, layout_gridlike, uniq_aizul
Vaults:1: nicolae_vaults_rhombus_6, nicolae_vaults_specimen_jars,
          ontoclasm_vaults_tryst, nicolae_vaults_mini_display_case,
          hangedman_vaults_river_flow, v_misc_13,
          nicolae_vaults_network_periphery, nicolae_vaults_asterisk,
          v_alt_pattern_6, v_misc_24, hangedman_vaults_trim,
          nicolae_vaults_asterisk, layout_vaults_omnibox, uniq_asterion
Vaults:2: gammafunk_vaults_ghost_spectres, hangedman_vaults_nodes,
          v_alt_pattern_5, ontoclasm_vaults_shuriken, v_pattern_3,
          vaults_room_stairs_pillars, nicolae_vaults_network_barrier,
          grunt_vaults_hallway_short, ontoclasm_vaults_eye, v_misc_17,
          vaults_room_fours, nicolae_vaults_little_squares_4,
          layout_vaults_quadrants, serial_shops, shop
Vaults:3: v_rooms_3, v_alt_pattern_3, hangedman_vaults_slither,
          minmay_crypt_entry_necro_gods, nicolae_vaults_little_ls, v_pattern_5,
          special_room_vaults [special_room_orc], vaults_room_door_hall,
          v_misc_25, grunt_vaults_funnel, nicolae_vaults_ring_of_whatevers,
          hangedman_vaults_cutoff, layout_vaults_omnicross, uniq_saint_roka
Vaults:4: v_misc_13, vaults_dpeg_doors, vaults_room_fancy_cross,
          nicolae_vaults_ring_of_whatevers, vaults_room_fancy_cross,
          vaults_room_corners, v_misc_32, ontoclasm_vaults_misaligned,
          nicolae_vaults_triangles, vaults_standard_mumra_x, vaults_room_pools,
          layout_vaults_big_room, serial_shops,
          nicolae_shop_temple_entry_statues_fountains, uniq_jory
Vaults:5
Crypt:1:  layout_basic, corexii_leaking_fountain, grunt_ministairs_14,
          grunt_megastairs_2, uniq_bai_suzhen
Crypt:2:  layout_rooms, ebering_ghost_gozag, minigarden_bobbens, uniq_donald
Crypt:3:  due_elkab, layout_chaotic_city
Tomb:1
Tomb:2:   uniq_frederick
Depths:1: layout_forbidden_donut, cheibriados_altar_1, pf_hell_entry_tar_river,
          guppyfry_shop_earth, uniq_sojobo
Depths:2: hangedman_crystal_crosses_colossus [crystal_crosses_arms_four,
          crystal_crosses_arms_four, crystal_crosses_arms_two,
          crystal_crosses_arms_one], pan_entry, hell_entry
Depths:3: minmay_imperfect_grid, layout_basic, rand_demon_pan_entry_8,
          fountainhead, hangedman_abyss_entry_splay, hell_entry
Depths:4: minmay_central_circle, layout_basic, enter_ziggurat_f, abyss_entry,
          hangedman_coc_ice_floe
Depths:5: grunt_zot_entry_bicorn, layout_cave_shapes, mu_enter_wizlab_4,
          grunt_pan_entry_zigzag, pf_vacation_house_of_asmodeus,
          serial_co_window_serial, co_window_corner_a, co_window_paths_a,
          co_window_paths_a, co_window_corner_a, co_window_paths_b,
          co_window_2corner, co_window_broadway_a, co_window_unsneaky_path_e,
          co_window_unsneaky_path_e, co_window_paths_c, co_window_paths_c,
          co_window_unsneaky_path_b, glass_columns_a, serial_bayou_shore_b
Hell
Dis:1:    layout_regular_city
Dis:2:    layout_regular_city, hangedman_dis_decor_blocks_crown
Dis:3:    layout_chaotic_city
Dis:4:    layout_jigsaw
Dis:5:    layout_subdivisions
Dis:6:    layout_regular_city, hangedman_dis_chains
Dis:7:    dis_st
Geh:1:    layout_gehenna_pools_basic, lemuel_hellish_altar
Geh:2:    layout_gehenna_pools_triple
Geh:3:    layout_gehenna_pools_triple
Geh:4:    layout_gehenna_lava_caves, lemuel_elevator
Geh:5:    layout_gehenna_lava_caves, lemuel_flamethrower_2
Geh:6:    layout_gehenna_pools_box
Geh:7:    geh_grunt
Coc:1:    layout_ice_bergs
Coc:2:    layout_ice_bergs
Coc:3:    layout_ice_bergs
Coc:4:    layout_cocytus_water_paths
Coc:5:    layout_ice_bergs
Coc:6:    layout_ice_bergs, evilmike_ambush [evilmike_ambush_outer_basic,
          evilmike_ambush_inner_pond]
Coc:7:    coc_grunt_cove [coc_grunt_cove_antaeus, coc_grunt_cove_fiend,
          coc_grunt_cove_fiend, coc_grunt_cove_fiend, coc_grunt_cove_fiend]
Tar:1:    layout_cathedral_of_symmetry, nicolae_tar_cuneiform_oil
Tar:2:    layout_catacombs
Tar:3:    layout_grid_maze
Tar:4:    layout_cathedral_of_symmetry
Tar:5:    layout_cathedral_of_symmetry
Tar:6:    layout_catacombs
Tar:7:    tar_mu [tar_mu_maze]
Zot:1:    layout_cathedral_of_symmetry
Zot:2:    cheibrodos_zot_enchanting_chambers, layout_basic
Zot:3:    layout_gridville, lemuel_golem_globe, uniq_tiamat
Zot:4:    kennysheep_bubbly, layout_twisted_circle, skrybe_zot_glass_3
Zot:5:    layout_basic

Skill      XL: |  1  2  3  4  5  6  7  8  9 10 11 12 13 14 15 16 17 18 19 20 21 22 23 24 25 26 27 |
---------------+----------------------------------------------------------------------------------+-----
Slings         | 1 2 4 5 7 8 10 12 13 14 15 16 17 18 19 20 21 22 | 22.9
Dodging        | 2 3 4 5 6 7 8 9 10 11 12 13 14 15 23 | 23.7
Fighting       | 3 4 5 6 7 8 9 10 11 12 13 20 | 20.8
Axes           | 3 4 5 6 7 8 10 11 13 14 15 16 20 | 20.4
Armour         | 3 4 5 6 7 8 9 10 11 12 | 12.7
Invocations    | 3 4 5 6 7 8 9 10 11 12 13 14 15 22 | 22.9
Evocations     | 1 2 3 4 5 6 7 8 9 10 11 12 13 17 | 17.9
Shields        | 2 5 6 7 8 9 10 12 14 21 | 21.0
Charms         | 1 3 5 6 8 19 | 19.5
Spellcasting   | 2 3 4 5 6 7 8 9 18 | 18.9
Hexes          | 1 3 4 11 | 11.0
Earth Magic    | 3 4 6 14 | 14.5
Transmutations | 2 3 4 11 | 11.1
Translocations | 6 8 9 13 | 13.9
Maces & Flails | 4 6 8 14 | 14.7
Air Magic      | 9 |  9.0
Throwing       | 12 | 12.1
Fire Magic     | 19 | 19.2
Summonings     | 11 | 11.0

Action                   |  1- 3 |  4- 6 |  7- 9 | 10-12 | 13-15 | 16-18 | 19-21 | 22-24 | 25-27 || total
-------------------------+-------+-------+-------+-------+-------+-------+-------+-------+-------++-------
Melee: Hand axe          |    13 |    19 |   112 |   385 |   526 |    10 |   426 |   399 |  1121 ||  3011
       Eveningstar       |       |       |       |       |       |       |       |       |  2200 ||  2200
       Sacred scourge    |       |       |       |       |       |       |       |       |  3884 ||  3884
       War axe           |       |       |       |       |       |       |       |       |  3147 ||  3147
 Fire: Hunting sling     |   103 |   211 |   473 |   508 |   475 |       |       |       |       ||  1770
       Fustibalus        |       |       |       |       |   244 |    55 |  1456 |  1371 |  5271 ||  8397
Throw: Dart              |       |       |     1 |    14 |     4 |       |       |       |       ||    19
       Throwing net      |       |       |       |    10 |       |       |     2 |       |     1 ||    13
       Boomerang         |       |       |       |     4 |       |       |    19 |     2 |   384 ||   409
       Stone             |       |       |       |       |       |       |     1 |     5 |     1 ||     7
 Cast: Spectral Weapon   |       |       |       |       |       |       |       |     2 |       ||     2
       Statue Form       |       |       |       |       |       |       |       |       |    59 ||    59
       Ring of Flames    |       |       |       |       |       |       |       |       |    57 ||    57
       Silence           |       |       |       |       |       |       |       |       |    30 ||    30
       Portal Projectile |       |       |       |       |       |       |       |       |    13 ||    13
       Apportation       |       |       |       |       |       |       |       |       |     5 ||     5
       Dispersal         |       |       |       |       |       |       |       |       |     5 ||     5
       Passage of Golubr |       |       |       |       |       |       |       |       |     3 ||     3
       Song of Slaying   |       |       |       |       |       |       |       |       |     3 ||     3
Invok: Depart the Abyss  |     1 |       |       |       |       |       |       |       |     2 ||     3
       Bend Space        |       |     3 |    50 |    40 |    17 |       |     7 |     2 |    81 ||   200
       Banish            |       |       |     1 |     2 |     4 |       |       |     1 |     8 ||    16
       Brand Weapon With |       |       |       |       |     1 |       |       |       |       ||     1
       Corrupt           |       |       |       |       |       |       |     1 |     1 |     7 ||     9
       Enter the Abyss   |       |       |       |       |       |       |       |       |     2 ||     2
 Abil: Evoke Flight      |       |       |       |       |       |       |     1 |       |       ||     1
       Evoke Fog         |       |       |       |       |       |       |       |       |    36 ||    36
       Evoke Berserk Rag |       |       |       |       |       |       |       |       |     1 ||     1
Evoke: Wand              |       |       |     7 |    27 |    17 |     8 |    12 |    17 |    64 ||   152
       Phantom mirror    |       |       |       |       |     1 |       |       |       |     4 ||     5
       Tin of tremorston |       |       |       |       |       |       |     8 |     8 |    47 ||    63
       Phial of floods   |       |       |       |       |       |       |       |     2 |     2 ||     4
       Lightning rod     |       |       |       |       |       |       |       |     3 |    18 ||    21
       Box of beasts     |       |       |       |       |       |       |       |       |    12 ||    12
  Use: Scroll            |       |     8 |     5 |     6 |    26 |       |     9 |    11 |    78 ||   143
       Potion            |       |       |     5 |     3 |     6 |     3 |     3 |     4 |    56 ||    80
 Stab: Confused          |       |       |       |     4 |       |       |       |       |     1 ||     5
       Sleeping          |       |       |       |     1 |       |       |       |       |     2 ||     3
       Invisible         |       |       |       |       |       |       |     1 |       |     2 ||     3
       Distracted        |       |       |       |       |       |       |       |       |     6 ||     6
  Eat: Chunk             |     1 |     6 |    12 |    21 |    34 |     1 |    40 |    40 |   111 ||   266
       Ration            |       |       |     2 |     2 |     1 |       |     3 |     2 |    72 ||    82
Armor: Leather armour    |     5 |     6 |       |       |       |       |       |       |       ||    11
       Ring mail         |       |    42 |   106 |    15 |     9 |       |       |       |       ||   172
       Quicksilver drago |       |       |       |   121 |    97 |     4 |   222 |   163 |    53 ||   660
       Scale mail        |       |       |       |       |     3 |       |       |       |       ||     3
       Pearl dragon scal |       |       |       |       |       |       |       |       |  1491 ||  1491
       Ice dragon scales |       |       |       |       |       |       |       |       |   297 ||   297
       Skin              |       |       |       |       |       |       |       |       |   275 ||   275
Dodge: Dodged            |    27 |   107 |   222 |   378 |   383 |     8 |   621 |   432 |  8034 || 10212
Block: Buckler           |       |       |       |       |   204 |     7 |   360 |   316 |   567 ||  1454
       Kite shield       |       |       |       |       |       |       |       |       |  7705 ||  7705
       Reflection        |       |       |       |       |       |       |       |       |    44 ||    44
